cohdb
Replays
Latest Replays
All Replays
Popular Replays
Top Player Replays
Match Explorer
How It Works
Community
CoH3 Stats
Reddit
Sign in to upload your games and track your stats! →
Sign in with Steam
Match 43950841
Unlisted
Match 43950841
Overview
Messages
Build Orders
End
Panzergrenadier Squad
Panzergrenadier Squad
Kradschützen Motorcycle Team
Construct Light Support Kompanie
Selects Italian Infantry
Selects Defensive Operations
Fire Support Elements
Combat Half-tracks
250 Light Carrier
Pak 38 Mechanized Group
Veteran Squad Leaders
Vehicle Survival Package
2.5-tonne Medical Truck
Selects Prepared Positions
MG34 Team
le.IG 18 Mechanized Group
Panzerpioneer Squad
Construct Panzerarmee Kommand
Selects Obice 305mm Barrage
Emergency Repair Kits
Armored Reserves
Pak 38 Anti-tank Gun Team
Selects Guastatori Squad
Tiger Heavy Tank
Obice 305mm Barrage
Flak 36 Anti-tank Gun Team
Panzerpioneer Squad
Selects Registered Artillery
Selects Towed Cannone da 105/28 Field Howitzer
Towed Cannone da 105/28 Field Howitzer
Registered Artillery
Construct Mechanized Kompanie
pipiku
bigcheese
marcmorn
Menty
0
0
Comments
sign in to comment!
No comments posted yet!